 Dungeon Crawl Stone Soup version 0.15-a0-1230-gf41e293 (webtiles) character file.

758 E1999 the Basher (level 7, -2/79 HPs)
             Began as an Ogre Hunter on June 3, 2014.
             Slain by a wyvern (18 damage)
             ... on Level 5 of the Dungeon.
             The game lasted 00:15:11 (5211 turns).

E1999 the Basher (Ogre Hunter)                      Turns: 5211, Time: 00:15:11

HP  -2/79        AC  5     Str 18      XL: 7   Next: 80%
MP   7/7         EV 10     Int 11      God:
Gold 70          SH  0     Dex 11      Spells:  0 memorised,  6 levels left

rFire  . . .     SeeInvis .     u - +0,+1 flail
rCold  + . .     Clarity  .     v - +2 robe {rC+}
rNeg   . . .     rCorr    .     (shield restricted)
rPois  .         rRot     .     (helmet restricted)
rElec  .         Spirit   .     (no cloak)
SustAb .         Warding  .     (gloves unavailable)
rMut   .         Stasis   .     (boots unavailable)
Gourm  .                        (no amulet)
MR     .....                    (no ring)
                                (no ring)

@: not resistant to hostile enchantments, very unstealthy
A: unfitting armour, tough skin 1
a: no special abilities


You were on level 5 of the Dungeon.
You were not hungry.

You visited 1 branch of the dungeon, and saw 6 of its levels.
You also visited: Ossuary.

You collected 182 gold pieces.
You spent 112 gold pieces at shops.

Inventory:

Hand weapons
 r - a cursed +0,+0 mace
 s - a +2,+2 hand axe of electrocution
 u - a +0,+1 flail (weapon)
 A - a +1,+2 whip of venom
 D - a +0 blowgun
Missiles
 c - 2 throwing nets
 e - 5 large rocks (quivered)
 t - 27 poisoned needles
Armour
 v - a +2 robe of cold resistance (worn)
Magical devices
 g - a wand of magic darts (14)
 q - a wand of hasting (4)
Comestibles
 a - a beef jerky
 f - 3 meat rations
 o - 4 bread rations
 B - 3 rotting chunks of gnoll flesh {@w1}
Scrolls
 h - a scroll of amnesia
 l - 3 scrolls of remove curse
 m - a scroll of identify
 p - a scroll of teleportation
 w - 2 scrolls of random uselessness
 y - a scroll of blinking
Potions
 b - 2 potions of restore abilities
 d - 2 potions of lignification
 j - 2 potions of flight
 k - 5 potions of curing
 n - a potion of might
 x - a potion of magic
 z - a potion of invisibility {unknown}
 C - 2 potions of agility
 E - a potion of paralysis {unknown}
 F - a potion of brilliance {unknown}


   Skills:
 + Level 7.7 Fighting
 - Level 8.3 Maces & Flails
 - Level 4.3 Throwing
 - Level 1.7 Dodging
 - Level 0.7 Stealth


You had 6 spell levels left.
You didn't know any spells.

Dungeon Overview and Level Annotations

Branches:
Dungeon (6/15)
 Temple: D:4-7

Altars:
Okawaru

Shops:
D:5 ?


Innate Abilities, Weirdness & Mutations

You are too large for most types of armour.
You have tough skin (AC +1).


Message History

The wyvern is heavily wounded.
The wyvern misses you.
You hit the wyvern.
The wyvern is heavily wounded.
The wyvern bites you!
* * * LOW HITPOINT WARNING * * *
You barely miss the wyvern.
The wyvern is severely wounded.
The wyvern barely misses you.
Wield which item (- for none, * to show all)? (? for menu, Esc to quit)
Your +1,+2 whip of venom stops dripping with poison.
u - a +0,+1 flail (weapon)
The wyvern bites you!
* * * LOW HITPOINT WARNING * * *
You hit the wyvern.
The wyvern is severely wounded.
The wyvern bites you.
* * * LOW HITPOINT WARNING * * *
The wyvern bites you!!
You die...

####################
#.#................#
##.#.##############.#
...#.# #.........<.#
##.#.# #.#########.#
##...# #.#.........#
#...#####.#.#########
'...'..........D@#
#...#.......######
#.###..##.#.# #.#
#..##.#.#
#.###..##.#.#
#.........#.#
###########.#
#...........#
#.###########


You could see a wyvern.

Vanquished Creatures
  A sky beast (D:4)
  An elf zombie (D:5)
  2 crimson imps
  A centaur skeleton (D:4)
  2 orc wizards (D:3)
  2 worker ants
  3 iguanas (D:4)
  Terence (D:2)
  2 mummies
  14 adders
  3 gnolls (D:5)
  4 worms
  An adder skeleton (D:6)
  An ooze (D:3)
  12 orcs
  5 giant cockroaches
  8 goblins
  8 hobgoblins
  3 quokkas
  A ball python (D:2)
  10 bats
  3 giant geckos
  2 giant gecko zombies (D:5)
  6 giant newts
  A gnoll zombie (Ossuary)
  17 jackals
  17 kobolds
  2 orc skeletons
  2 orc zombies (Ossuary)
  15 rats
150 creatures vanquished.

Notes
Turn   | Place    | Note
--------------------------------------------------------------
     0 | D:1      | E1999, the Ogre Hunter, began the quest for the Orb.
     0 | D:1      | Reached XP level 1. HP: 22/22 MP: 1/1
     2 | D:1      | Noticed a demigod
     2 | D:1      | Noticed a merfolk
     4 | D:1      | Noticed an elf
     4 | D:1      | Noticed a vampire
     6 | D:1      | Noticed a minotaur
     6 | D:1      | Noticed a spriggan
     8 | D:1      | Noticed a dwarf
     8 | D:1      | Noticed a human
    10 | D:1      | Noticed a felid
    10 | D:1      | Noticed a demonspawn
    12 | D:1      | Noticed a naga
    12 | D:1      | Noticed a tengu
    18 | D:1      | Noticed a gargoyle
    18 | D:1      | Noticed a troll
    20 | D:1      | Noticed an octopode
    22 | D:1      | Noticed a draconian
    22 | D:1      | Noticed a centaur
    24 | D:1      | Noticed an ogre
    24 | D:1      | Noticed a ghoul
    26 | D:1      | Noticed a vine stalker
    26 | D:1      | Noticed a formicid
   295 | D:1      | Reached XP level 2. HP: 29/29 MP: 2/2
   708 | D:2      | Noticed Terence
   712 | D:2      | Killed Terence
   712 | D:2      | Reached XP level 3. HP: 36/36 MP: 3/3
  1261 | D:2      | Found an iron altar of Okawaru.
  1378 | D:2      | Reached skill level 5 in Maces & Flails
  1378 | D:2      | Reached XP level 4. HP: 28/44 MP: 4/4
  1738 | D:3      | Reached skill level 6 in Maces & Flails
  1905 | D:3      | Reached XP level 5. HP: 31/50 MP: 5/5
  2084 | D:3      | Reached skill level 7 in Maces & Flails
  2440 | D:3      | Reached XP level 6. HP: 30/59 MP: 6/6
  3095 | D:4      | Reached skill level 8 in Maces & Flails
  3276 | D:4      | Got a fine flail
  3277 | D:4      | Identified the cursed -1,-2 flail of Wounding {crush, +Blink SInv} (You found it on level 4 of the Dungeon)
  3862 | D:4      | Reached XP level 7. HP: 58/71 MP: 7/7
  3961 | D:4      | Reached skill level 5 in Fighting
  4171 | D:5      | Entered Level 5 of the Dungeon
  4171 | D:5      | Found a sand-covered staircase.
  4330 | Ossuary  | Entered an ossuary
  4741 | D:5      | Found Omaecs' Magic Scroll Emporium.
  4760 | D:5      | Bought a scroll of blinking for 112 gold pieces
  5195 | D:6      | Noticed a wyvern
  5211 | D:5      | Slain by a wyvern

Action                   |  1- 3 |  4- 6 |  7- 9 || total
-------------------------+-------+-------+-------++-------
Melee: Club              |   122 |       |       ||   122
       Mace              |    13 |    35 |       ||    48
       Hand axe          |       |    40 |       ||    40
       Flail             |       |   178 |    87 ||   265
       Whip              |       |       |    65 ||    65
Throw: Large rock        |     6 |    16 |     5 ||    27
Evoke: Wand              |       |     2 |       ||     2
  Use: Potion            |     2 |     1 |       ||     3
       Scroll            |       |    12 |     5 ||    17
 Stab: Sleeping          |       |     1 |       ||     1
